 Dungeon Crawl Stone Soup version 0.21-a0-633-g4c047d5 (webtiles) character file.

16 Lanoc the Stinger (level 2, 0/23 HPs)
             Began as a Hill Orc Venom Mage on Dec 29, 2017.
             Slain by a leopard gecko (4 damage)
             ... on level 1 of the Dungeon.
             The game lasted 00:02:05 (413 turns).

Lanoc the Stinger (Hill Orc Venom Mage)              Turns: 413, Time: 00:02:06

Health: 0/23       AC:  2    Str: 10    XL:     2   Next: 58%
Magic:  3/4        EV: 12    Int: 15    God:
Gold:   15         SH:  0    Dex: 11    Spells: 3/4 levels left

rFire    . . .     SeeInvis .   j - +0 hand axe
rCold    . . .     Gourm    .   (no shield)
rNeg     . . .     Faith    .   a - +0 robe
rPois    .         Spirit   .   (no helmet)
rElec    .         Reflect  .   (no cloak)
rCorr    .         Harm     .   (no gloves)
MR       .....                  (no boots)
Stlth    ++........             (no amulet)
HPRegen  0.07/turn              (no ring)
MPRegen  0.09/turn              (no ring)

@: no status effects
A: no striking features
a: no special abilities


You were on level 1 of the Dungeon.
You were not hungry.

You visited 1 branch of the dungeon, and saw 1 of its levels.

You collected 15 gold pieces.

Inventory:

Hand Weapons
 j - a +0 hand axe (weapon)
Armour
 a - a +0 robe (worn)
Scrolls
 e - a scroll of fear {unknown}
 h - a scroll of blinking {unknown}
Potions
 d - a potion of curing {unknown}
 g - a potion of agility {unknown}
 i - 2 potions of mutation {unknown}
 k - a potion of degeneration {unknown}
Books
 b - a Young Poisoner's Handbook

   Spells                             Type                      Level
   a - Sting                          Conjuration/Poison           1
   b - Poisonous Vapours              Poison/Air                   2
   c - Mephitic Cloud                 Conjuration/Poison/Air       3
   d - Olgreb's Toxic Radiance        Poison                       4
   e - Venom Bolt                     Conjuration/Poison           5
Comestibles
 c - 2 rations
 f - 2 chunks of flesh


   Skills:
 + Level 1.0 Fighting
 + Level 0.4 Axes
 + Level 1.9 Dodging
 - Level 1.5 Stealth
 + Level 1.8 Spellcasting
 - Level 1.0 Conjurations
 + Level 2.9 Poison Magic


You had 3 spell levels left.
You knew the following spells:

 Your Spells              Type           Power        Failure   Level  Hunger
a - Sting                 Conj/Pois      #...         10%         1    ##.....


Dungeon Overview and Level Annotations

Branches:
Dungeon (1/15)

Altars:


Message History

The leopard gecko bites you.
You barely miss the leopard gecko. The leopard gecko bites you.
You hit the leopard gecko.
The leopard gecko is moderately wounded.
The leopard gecko bites you.
* * * LOW HITPOINT WARNING * * *
The leopard gecko bites you but does no damage.
Casting: Sting
Confirm with . or Enter, or press ? or * to list all spells.
Aiming: Sting
Press: ? - help, Shift-Dir - straight line, f - leopard gecko
Aim: a leopard gecko (moderately wounded)
The sting hits the leopard gecko.
The leopard gecko appears unharmed.
The leopard gecko is moderately wounded.
The leopard gecko bites you.
* * * LOW HITPOINT WARNING * * *
You miss the leopard gecko.
The leopard gecko is moderately wounded.
The leopard gecko bites you.
You die...

#........# ....%...#
##.......... .......#
#...........
......###........... ..
#......##...#.......
...##......##...#.......
...........# #..........
......l@######..........
...................# #.
...................####.
....####........#.......
### #........#.......
##########.......
##############.......
####...........#########
####.................##
#


You could see a leopard gecko.

Vanquished Creatures
  An ooze (D:1)
  A dart slug (D:1)
  A giant cockroach (D:1)
  A hobgoblin (D:1)
  A bat (D:1)
  2 frilled lizards (D:1)
  2 kobolds (D:1)
  2 rats (D:1)
11 creatures vanquished.

Notes
Turn   | Place    | Note
-------+----------+-------------------------------------------
     0 | D:1      | Lanoc the Hill Orc Venom Mage began the quest for the Orb.
     0 | D:1      | Reached XP level 1. HP: 14/14 MP: 3/3
   254 | D:1      | Reached XP level 2. HP: 20/22 MP: 2/4
   328 | D:1      | Reached skill level 1 in Fighting
   413 | D:1      | Slain by a leopard gecko

Vault maps used:
D:1:      dpeg_arrival_circle_labyrinth_b, st_stairs_14

Skill      XL: |  1  2 |
---------------+-------+-----
Fighting       | 1 |  1.0
Axes           | |  0.4
Dodging        | |  1.9
Stealth        | |  1.5
Spellcasting   | |  1.8
Conjurations   | |  1.0
Poison Magic   | |  2.9

Action                   || total
-------------------------++-------
Melee: Unarmed           ||    13
       Hand axe          ||    28
 Cast: Sting             ||     8
Armor: Robe              ||     9
Dodge: Dodged            ||    34

Table legend:
 A = Spawn XP
 B = Non-spawn XP
 C = Spawn XP percentage of total XP
 D = Spawn monster count
 E = Non-spawn monster count
 F = Spawn count percentage of total count
 G = Total turns spent on level
                    A         B        C        D         E        F      G
               +---------+---------+-------+---------+---------+-------+---------
         Total |       0 |      24 |   0.0 |       0 |      11 |   0.0 |   413
               +---------+---------+-------+---------+---------+-------+---------
           D:1 |       0 |      24 |   0.0 |       0 |      11 |   0.0 |   413
               +---------+---------+-------+---------+---------+-------+---------
